 Dungeon Crawl Stone Soup version 0.22-a0-147-gfdd7f25 (webtiles) character file.

58 4thArraOfDagon the Gusty (level 3, -2/16 HPs)
             Began as a Spriggan Air Elementalist on Feb 6, 2018.
             Was a Follower of Fedhas.
             Slain by Ijyb
             ... wielding a +2 dagger of speed
              (4 damage)
             ... on level 3 of the Dungeon.
             The game lasted 00:07:10 (1390 turns).

4thArraOfDagon the Gusty (SpAE)                     Turns: 1390, Time: 00:07:10

Health: -2/16      AC:  2    Str:  4    XL:     3   Next: 76%
Magic:  3/8        EV: 18    Int: 17    God:    Fedhas [*.....]
Gold:   67         SH:  0    Dex: 16    Spells: 6/7 levels left

rFire    . . .     SeeInvis +   d - +0 rapier
rCold    . . .     Gourm    .   (shield restricted)
rNeg     . . .     Faith    .   a - +0 robe
rPois    .         Spirit   .   (helmet restricted)
rElec    .         Reflect  .   (no cloak)
rCorr    .         Harm     .   (gloves unavailable)
MR       .....                  (boots unavailable)
Stlth    ++........             (no amulet)
HPRegen  0.05/turn              (no ring)
MPRegen  0.11/turn              (no ring)

@: flying, very slightly contaminated, very quick
A: very small, unfitting armour, see invisible, herbivore, speed 3, slow
metabolism 2
a: Fungal Bloom, Evolution, Renounce Religion


You were on level 3 of the Dungeon.
You worshipped Fedhas.
Fedhas was aware of your devotion.
You were not hungry.

You visited 1 branch of the dungeon, and saw 3 of its levels.

You collected 67 gold pieces.

Inventory:

Hand Weapons
 d - a +0 rapier (weapon)
 e - a +1 short sword
Missiles
 h - 4 curare-tipped needles
Armour
 a - a +0 robe (worn)
Scrolls
 f - a scroll of teleportation
 i - a scroll of immolation {unknown}
 j - a scroll of fog {unknown}
 l - a scroll of remove curse {unknown}
Potions
 g - 2 potions of brilliance
Books
 b - a book of Air

   Spells                             Type                      Level
   a - Shock                          Conjuration/Air              1
   b - Swiftness                      Charms/Air                   2
   c - Static Discharge               Conjuration/Air              3
   d - Airstrike                      Air                          4
   e - Lightning Bolt                 Conjuration/Air              5
Comestibles
 c - 5 rations


   Skills:
 + Level 0.1 Fighting
 * Level 2.2 Short Blades
 + Level 3.1 Dodging
 + Level 3.2 Stealth
 - Level 2.6 Spellcasting
 - Level 0.6 Conjurations
 - Level 3.5 Air Magic


You had 6 spell levels left.
You knew the following spells:

 Your Spells              Type           Power        Failure   Level  Hunger
a - Shock                 Conj/Air       #...         8%          1    #......


Dungeon Overview and Level Annotations

Branches:
Dungeon (3/15)

Altars:
Fedhas
Hepliaklqana

Portals:
Sewer: D:3

Annotations:
D:2 Sigmund
D:3 Ijyb; Yosebu's ghost, amateur MfGl


Innate Abilities, Weirdness & Mutations

You are very small and have problems with some larger weapons.
You are too small for most types of armour.
You have supernaturally acute eyesight. (SInv)
You are a herbivore.
You cover ground extremely quickly.
You need consume almost no food.


Message History

Ijyb is severely wounded.
Ijyb hits you but does no damage.
Unknown command.
Unknown command.
Casting: Shock (safe; 8% risk of failure)
Confirm with . or Enter, or press ? or * to list all spells.
Aiming: Shock (safe; 8% risk of failure)
Press: ? - help, Shift-Dir - straight line The zap misses Ijyb.
The zap hits Ijyb.
Ijyb appears unharmed.
Ijyb is severely wounded.
Ijyb misses you.
Ijyb screams, "You nasty!
Big nasty!"
Ijyb closely misses you.
Unknown command.
Unknown command.
You closely miss Ijyb.
Ijyb is severely wounded.
Ijyb hits you with a dagger of speed.
You die...
Fedhas appreciates your contribution to the ecosystem.

##.####...# ..........#
..........#
..........###
.#..........#
#......÷...##
#...........#
..#.#######.g# ..# ....
#@.# ..###### .g. #..##
... ...# ....#### #...#
#.# #.. ......###.#.###
#.# #.. #..........#
#.# #.. #..........#
#.# #..
#..........#####(####P.
#####.........P.(..÷)..
##...........P.####..


You could see Ijyb.

Vanquished Creatures
  A worm (D:3)
  A dart slug (D:2)
  A leopard gecko (D:2)
  2 ball pythons
  A giant cockroach (D:2)
  6 hobgoblins
  7 jackals
  2 quokkas (D:2)
  4 bats
  3 frilled lizards
  2 goblins
  2 kobolds (D:2)
  7 rats
39 creatures vanquished.

Vanquished Creatures (collateral kills)
  An adder (D:3)
  A worm (D:3)
  An orc (D:3)
  2 goblins (D:3)
5 creatures vanquished.

Vanquished Creatures (others)
  A wandering mushroom (D:3)
  29 toadstools
30 creatures vanquished.

Grand Total: 74 creatures vanquished

Notes
Turn   | Place    | Note
-------+----------+-------------------------------------------
     0 | D:1      | 4thArraOfDagon the Spriggan Air Elementalist began the quest for the Orb.
     0 | D:1      | Reached XP level 1. HP: 9/9 MP: 5/5
   215 | D:2      | Reached XP level 2. HP: 10/13 MP: 0/6
   238 | D:2      | Noticed Sigmund
   250 | D:2      | Found a blossoming altar of Fedhas.
   263 | D:2      | Became a worshipper of Fedhas Madash
   603 | D:2      | Found a hazy altar of Hepliaklqana.
   783 | D:2      | Reached skill level 1 in Short Blades
   846 | D:2      | Reached XP level 3. HP: 10/16 MP: 5/8
  1139 | D:3      | Found a glowing drain.
  1139 | D:3      | Noticed Yosebu's ghost (amateur MfGl)
  1222 | D:3      | Reached * piety under Fedhas
  1342 | D:3      | Noticed Ijyb
  1360 | D:3      | Paralysed by Ijyb for 2 turns
  1371 | D:3      | Paralysed by Ijyb for 6 turns
  1381 | D:3      | Paralysed by Ijyb for 2 turns
  1390 | D:3      | Slain by Ijyb

Vault maps used:
D:1:      erik_arrival_cave_to_civilisation, st_stairs_14, roderic_lattice_a
D:2:      overflow_temple_1_default, lemuel_crystal_altar, first_ration,
          corexii_leaking_fountain, uniq_natasha, uniq_sigmund
D:3:      portal_sewer_entry_c, uniq_ijyb, uniq_crazy_yiuf_cottage, uniq_jessica

Skill      XL: |  1  2  3 |
---------------+----------+-----
Air Magic      | 3 |  3.5
Short Blades   | 1 2 |  2.2
Fighting       | |  0.1
Dodging        | |  3.1
Stealth        | |  3.2
Spellcasting   | |  2.6
Conjurations   | |  0.6

Action                   || total
-------------------------++-------
Melee: Short sword       ||    61
       Rapier            ||    40
 Cast: Shock             ||    46
Invok: Fungal Bloom      ||    14
       Evolution         ||     1
  Use: Scroll            ||     4
       Potion            ||     3
 Stab: Sleeping          ||     7
       Confused          ||     1
Armor: Robe              ||     8
Dodge: Dodged            ||    88

Table legend:
 A = Spawn XP
 B = Non-spawn XP
 C = Spawn XP percentage of total XP
 D = Spawn monster count
 E = Non-spawn monster count
 F = Spawn count percentage of total count
 G = Total turns spent on level
                    A         B        C        D         E        F      G
               +---------+---------+-------+---------+---------+-------+---------
         Total |       0 |      84 |   0.0 |       0 |      44 |   0.0 |  1390
               +---------+---------+-------+---------+---------+-------+---------
           D:1 |       0 |      20 |   0.0 |       0 |      12 |   0.0 |   493
           D:2 |       0 |      32 |   0.0 |       0 |      19 |   0.0 |   617
           D:3 |       0 |      32 |   0.0 |       0 |      13 |   0.0 |   280
               +---------+---------+-------+---------+---------+-------+---------
